AoeStats
← DanielMorfeo

Migration

506896722Analyzed
1v1 RM · 17d ago on Sep 15, 2026· 45m 36s· 2 players
Game mode
Random Map
Map size
132×132
Population
200
Speed
Normal
Resources
Standard
Victory
Conquest
Starting age
Dark Age
Ending age
Imperial Age
RankedLock teamsTeams togetherTeam positionsShared explorationLock speedFull tech treeHidden civsTurbo modeCheats
Victory
Defeat
🇸🇰 Italians · Slovakia
823
+17
🇨🇴 Spanish · Colombia
841
-17
Braňo Konter
10:39 Feudal Age
11:42 Double-Bit Axe
13:01 Fishing Lines
15:10 Wheelbarrow
15:25 Loom
18:30 Castle Age
17:29 Stone Mining
18:26 Gold Mining
19:24 Medium Warships
21:23 Hand Cart
21:22 Fletching
21:32 Padded Archer Armor
28:58 Murder Holes
30:53 Horse Collar
34:29 Imperial Age
32:50 Bow Saw
32:48 Bodkin Arrow
33:35 Ballistics
34:18 Leather Archer Armor
34:09 Scale Barding Armor
36:28 Chemistry
35:52 Bloodlines
37:41 Thumb Ring
37:21 Light Cavalry
42:42 Bracer
43:12 Ring Archer Armor
43:04 Chain Barding Armor
DanielMorfeo
0:34 Loom
11:58 Feudal Age
12:35 Gold Mining
12:33 Double-Bit Axe
12:46 Horse Collar
18:58 Castle Age
25:49 Fletching
29:42 Bow Saw
34:08 Medium Warships
34:58 Wheelbarrow
38:44 Imperial Age
37:50 Bloodlines
37:41 Husbandry
38:30 Forging
39:07 Town Watch
39:12 Elite Skirmisher
43:40 Ballistics
44:21 Chemistry
43:32 Masonry
44:01 Hand Cart
44:07 Hand Cart
45:34 Bodkin Arrow
45:41 Scale Mail Armor
Connection lost

Rejoining the realm…

Still unreachable

The connection could not be restored.

Session expired

The server has moved on; the page needs a fresh start.